 Dungeon Crawl Stone Soup version 0.23.0-3-gf3c87f2 (console) character file.

Game seed: 3223809158612818572

30 erker the Skirmisher (level 3, 0/30 HPs)
             Began as a Formicid Monk on Feb 20, 2019.
             Slain by a gnoll
             ... wielding a +0 flail
              (11 damage)
             ... on level 1 of the Dungeon.
             The game lasted 00:02:32 (1079 turns).

erker the Skirmisher (Formicid Monk)                Turns: 1079, Time: 00:02:32

Health: 0/30       AC:  2    Str: 16    XL:     3   Next: 37%
Magic:  3/3        EV: 13    Int:  9    God:
Gold:   28         SH:  0    Dex: 13    Spells: 2/2 levels left

rFire    . . .     SeeInvis +   a - +0 hand axe
rCold    . . .     Gourm    .   (no shield)
rNeg     . . .     Faith    .   b - +0 robe
rPois    .         Spirit   .   (helmet unavailable)
rElec    .         Reflect  .   (no cloak)
rCorr    .         Harm     .   (no gloves)
MR       .....                  (no boots)
Stlth    ++........             (no amulet)
HPRegen  0.10/turn              (no ring)
MPRegen  0.08/turn              (no ring)

@: no status effects
A: permanent stasis, dig shafts and tunnels, four strong arms, antennae 3
a: Dig, Shaft Self


You were on level 1 of the Dungeon.
You were hungry.

You visited 1 branch of the dungeon, and saw 1 of its levels.

You collected 28 gold pieces.

Inventory:

Hand Weapons
 a - a +0 hand axe (weapon)
Armour
 b - a +0 robe (worn)
Scrolls
 e - a scroll of amnesia {unknown}
 f - a scroll of teleportation {unknown}
Comestibles
 c - 5 rations


   Skills:
 + Level 3.7 Fighting
 + Level 3.4 Axes
 + Level 3.1 Dodging
 - Level 2.4 Stealth


You had 2 spell levels left.
You didn't know any spells.
Your spell library was empty.

Dungeon Overview and Level Annotations

Branches:
Dungeon (1/15)

Altars:

Annotations:
D:1 exclusion: gnoll


Innate Abilities, Weirdness & Mutations

You cannot be hasted, slowed, berserked, paralysed or teleported.
You can dig through walls and to a lower floor.
Your four strong arms can wield two-handed weapons with a shield.
You have a pair of large antennae on your head. (SInv)


Message History

You are feeling hungry.
The ball python bites you. The ball python barely misses you.
The ball python bites you. The ball python completely misses you.
The ball python bites you but does no damage.
The ball python misses you. The ball python bites you.
The ball python misses you.
There is a stone staircase leading down here.
The ball python bites you but does no damage.
The ball python grabs you.
You stop descending the stairs.
The ball python constricts you.
You escape the ball python's grasp.
The ball python bites you.
* * * LOW HITPOINT WARNING * * *
The ball python closely misses you. The ball python closely misses you.
The ball python grabs you. The ball python constricts you.
You escape the ball python's grasp.
All of the chunks of flesh in your inventory have rotted away.
The ball python barely misses you. x2
The gnoll hits you with a +0 flail!
You die...

..........###### #.#.#.#.........
#..#.#.#..## #.#.#.#.........
...........#######.#.#.#.........
#.#.#..#.#......................>
....#................#.#.........
.#..###.#...###.##.###.#.........
............#....#S# #.#.........
.#.#.#..#.#......g.# #.#.........
.............##.@#####.#.........
.....#.#.#...##..#.....#.........
.............##..................
######...#.#.##..................
##......##..............####
#.....###.....[........# #.....#
#...........)..#
#.....###.....(........#
#####.#................#


You could see a gnoll and a ball python.

Vanquished Creatures
  An ooze (D:1)
  A bat (D:1)
  2 giant cockroaches (D:1)
  5 goblins (D:1)
  5 hobgoblins (D:1)
  2 jackals (D:1)
  2 frilled lizards (D:1)
  2 kobolds (D:1)
  3 rats (D:1)
23 creatures vanquished.

Notes
Turn   | Place    | Note
-------+----------+-------------------------------------------
     0 | D:1      | erker the Formicid Monk began the quest for the Orb.
     0 | D:1      | Reached XP level 1. HP: 18/18 MP: 1/1
   342 | D:1      | Reached XP level 2. HP: 19/24 MP: 2/2
   653 | D:1      | Reached XP level 3. HP: 26/30 MP: 3/3
  1079 | D:1      | Slain by a gnoll

Skill      XL: |  1  2 |
---------------+-------+-----
Dodging        | 3 |  3.1
Fighting       | |  3.7
Axes           | |  3.4
Stealth        | |  2.4

Action                   || total
-------------------------++-------
Melee: Hand axe          ||    71
 Stab: Sleeping          ||     2
Armor: Robe              ||    15
Dodge: Dodged            ||    51
